Alex, chaotic female elven Wizard ------ |>...| |....| ------- |.....# |.....| #.....|# |.<`..| #|....|# |.....| #------ ---.--- ### # # ### # # # # # # # ####################### --.------ -------# # # -.-.- |.....}.| ### |.....|# |...-#### |....}.).########## |.....|# |...| # --------- |.......| ###-.---# |.....|# |...| ###|."/?%%?| --------- #-..).#### |.....-# ----- #-@)!/?%(| |...|#######......| |@%?(%*?| ----- ------- --------- Alex the Evoker Experience level: 2 Strength: 12 Dexterity: 10 Constitution: 16 Intelligence: 20 Wisdom: 9 Charisma: 9 Health: 0(16) Energy: 13(13) Def: 1 Gold: 0 Moves: 1008 Dungeon seed: Dkw_C1pR-11cOURC Game ID: Alex_1539107213 Your Inventory: Weapons a - a cursed +3 quarterstaff (weapon in hands) p - a +0 javelin (in quiver) Armor e - an uncursed +0 cloak of magic resistance (being worn) r - a cursed +0 elven shield Scrolls i - an uncursed scroll of teleportation w - a blessed scroll of gold detection x - an uncursed scroll of fire Spellbooks l - a blessed spellbook of force bolt m - a cursed spellbook of charm monster Potions f - an uncursed potion of confusion g - an uncursed potion of restore ability h - a blessed potion of see invisible t - a cursed potion of object detection z - an uncursed potion of paralysis Rings c - a cursed +4 ring of increase damage (on left hand) d - a cursed ring of free action (on right hand) Wands b - a wand of create monster (0:11) Tools n - a cursed bell q - an uncursed mirror u - a cursed mirror Spells and supernatural/magical abilities: Name Level Category Fail Memory a - force bolt 1 attack 0% 95% e - charm monster 3 enchantment 29% 95% W - pray for help -- divine ? -- Your skills at the end: Fighting Skills Weapon Skills quarterstaff [Basic] Spellcasting Skills attack spells [Basic] enchantment spells [Basic] Final Attributes: You were devoutly aligned. You were magic-protected. You had infravision. You had a +4 damage bonus. You had free action. You are dead. Vanquished creatures: 2 water nymphs a green mold a red mold a gecko 3 jackals a fox 4 grid bugs 2 newts 15 creatures vanquished. Voluntary challenges: You were an atheist. You used a wielded weapon 12 times, starting on turn 88. You read items or engraved 3 times, starting on turn 31. You never genocided any monsters. You never polymorphed an object. You never changed form. You used no wishes. You never split a pudding. You never wrote Elbereth's name. You violated your moral code, losing 1 point of alignment, starting on turn 1005. Dungeon overview: The Dungeons of Doom: levels 1 to 3 Level 1 a long staircase Level 2 a long staircase Level 3 <- You were here a general store History has recorded: On T:1 you entered the Dungeons of Doom to retrieve the Amulet of Yendor! On T:333 you reached level 2 of The Dungeons of Doom. On T:547 you advanced to experience level 2. On T:736 you reached level 3 of The Dungeons of Doom. Score breakdown: Gold: 0 ( 0 points) Experience: 2 levels ( 5570 points) Exploration: 3 levels ( 5.77%) ( 5940 points) Discoveries: 2 items ( 0.72%) ( 2549 points) Valuables value: (no points given unless you survive) Artifact value: 0 ( 0 points) Variety of kills: 8 monsters ( 2.10%) ( 4347 points) Turncount: 1008 turns ( 0 points) Survival: died (score multiplied by 80%) Total score: 14724 Latest messages: You see here an octagonal amulet (200 zorkmids). Asidonhopo talks about the problem of shoplifters. (3x) You miss Asidonhopo. Asidonhopo gets angry! Asidonhopo zaps a tin wand! Boing! Asidonhopo zaps a wand of striking! Boing! You miss Asidonhopo. Asidonhopo zaps a wand of striking! Boing! You hit Asidonhopo! Asidonhopo zaps a wand of striking! Boing! Asidonhopo zaps a wand of striking! Boing! You miss Asidonhopo. Asidonhopo hits! You die... Asidonhopo takes all your possessions. Final status: Goodbye Alex the Wizard, killed by a Mr. Asidonhopo, the shopkeeper... You died in The Dungeons of Doom on dungeon level 3 with 14724 points, and 0 pieces of gold, after 1008 moves. You were level 2 with a maximum of 16 hit points when you died.